 Dungeon Crawl Stone Soup version 0.30-a0-760-g5a9884bb7c (webtiles) character file.

Game seed: 16238847438057466548

4 Esekla the Sneak (level 1, -10/11 HPs)
             Began as a Vine Stalker Delver on Feb 12, 2023.
             Mangled by an ogre
             ... wielding a +0 giant club
              (20 damage)
             ... in the Ecumenical Temple.
             The game lasted 00:02:08 (225 turns).

Esekla the Sneak (Vine Stalker Delver)               Turns: 225, Time: 00:02:08

Health: -10/11     AC:  3    Str: 14    XL:     1   Next: 60%
Magic:  0/2        EV: 11    Int: 10    God:
Gold:   0          SH:  0    Dex: 15    Spells: 0/0 levels left

rFire   . . .      SeeInvis .    a - +0 falchion
rCold   . . .      Faith    .    (no shield)
rNeg    . . .      Spirit   +    b - +0 leather armour
rPois   .          Reflect  .    (no helmet)
rElec   .          Harm     .    (no cloak)
rCorr   .          Rampage  .    (no gloves)
Will    .....                    (no boots)
Stlth   +++                      (no amulet)
HPRegen 0.21/turn                (no ring)
MPRegen 0.08/turn                (no ring)

@: no status effects
A: fangs 2, magic shield, antimagic bite, no potion heal 2
a: no special abilities


You were in the Ecumenical Temple.
You visited 2 branches of the dungeon, and saw 2 of its levels.

Inventory:

Hand Weapons
 a - a +0 falchion (weapon)
Armour
 b - a +0 leather armour (worn)
Wands
 g - a wand of digging (3)
Scrolls
 c - a scroll of fog
 d - a scroll of enchant armour {unknown}
 h - a scroll of enchant weapon {unknown}


   Skills:
 * Level 2.7 Fighting
 * Level 2.0 Long Blades
 + Level 1.5 Dodging
 + Level 6.0 Stealth


You couldn't memorise any spells.
You didn't know any spells.
Your spell library was empty.

Dungeon Overview and Level Annotations

Branches:
Dungeon (5/15)             Temple (1/1) D:5

Altars:
Cheibriados
Dithmenos
Fedhas
Gozag
Hepliaklqana
Kikubaaqudgha
Nemelex Xobeh
Okawaru
Qazlal
Trog
Xom

Annotations:
Temple 3 transporters


Innate Abilities, Weirdness & Mutations

You have extremely sharp teeth.
When hurt, damage is shared between your health and your magic reserves.
Your bite disrupts and absorbs the magic of your enemies.
Potions cannot restore your health.


Message History

The orc is lightly wounded.
The orc hits you with a +0 whip.
* * * LOW HITPOINT WARNING * * *
You barely miss the orc.
The orc is lightly wounded.
The orc barely misses you.
You slash the orc!
You kill the orc!
Your Long Blades skill increases to level 2!
You hit the orc. You bite the orc, but do no damage.
The orc is heavily wounded.
The orc barely misses you.
You feel yourself speed up. The orc misses you.
You open the door.
Found a scroll labelled IPEN WANEN.
There is an open door here.
You close the door.
Found a stone staircase leading down.
d - a scroll labelled IPEN WANEN An ogre comes into view.
It is wielding a +0 giant club.
Found a staircase to the Ecumenical Temple.
There is a stone staircase leading down here.
Found a glowing emerald potion.
A black bear comes into view.
There is a staircase to the Ecumenical Temple here.
The ogre misses you.
You climb downwards.
Welcome to the Ecumenical Temple!
Found five altars.
Found two transporters.
There is a staircase back to the Dungeon here.
Your extra speed is starting to run out.
Found two transporters.
Found an iron altar of Okawaru and a sparkling altar of Nemelex Xobeh.
Found a shadowy altar of Dithmenos and a stormy altar of Qazlal.
There is a transporter landing site here.
You feel yourself slow down.
There is a transporter here.
You enter the transporter and appear at another place.
The ogre hits you with a +0 giant club!!
Ouch! That really hurt!
You die...

##.#...#.##
##..#...#..##
##...#...#...###
...._#...#...._##
.....#...#......#
._...#...#.._...#
.....#...#.O....#
....©#©.§#@.....#
.....#8.8#......#
....©#©.©#©.....#
.....#...#......#
.....#...#......#
.....#...#_.....#
_....#...#...._##
##...#...#...###
##..#...#..##


You could see an ogre.

Vanquished Creatures
  2 orcs (D:5)
2 creatures vanquished.

Vanquished Creatures (others)
  3 plants (D:5)
  5 withered plants (D:5)
8 creatures vanquished.

Grand Total: 10 creatures vanquished

Notes
Turn   | Place    | Note
-------+----------+-------------------------------------------
     0 | D:5      | Esekla the Vine Stalker Delver began the quest for the Orb.
     0 | D:5      | Reached XP level 1. HP: 11/11 MP: 2/2
    28 | D:5      | Noticed a bullfrog
    79 | D:5      | Noticed a black bear
   148 | D:5      | Found a blossoming altar of Fedhas.
   149 | D:5      | Found an ancient bone altar of Kikubaaqudgha.
   202 | D:5      | Found a staircase to the Ecumenical Temple.
   202 | D:5      | Noticed an ogre
   209 | D:5      | Noticed a black bear
   213 | Temple   | Entered the Ecumenical Temple
   213 | Temple   | Found a transporter.
   213 | Temple   | Found a transporter.
   215 | Temple   | Found a transporter.
   215 | Temple   | Found a transporter.
   225 | Temple   | Mangled by an ogre

Illustrated notes

Levels and vault maps discovered:
D:5:      layout_basic, grunt_temple_overflow_growth_and_decay, led_sif_pool,
          minmay_temple_entry_grid
Temple:   hellmonk_temple_divided_pantheon

Skill      XL: |  1 |
---------------+----+-----
Long Blades    | 2 |  2.0
Fighting       | |  2.7
Dodging        | |  1.5
Stealth        | |  6.0

Action                     || total
---------------------------++-------
  Melee: Falchion          ||     9
         Bite              ||     1
    Use: Scroll            ||     2
         Potion            ||     1
 Armour: Leather armour    ||     3
  Dodge: Dodged            ||    11

Table legend: (Time is in decaauts)
 A = Elapsed time spent in this place.
 B = Non-inter-level travel time spent in this place.
 C = Inter-level travel time spent in this place.
 D = Time resting spent in this place.
 E = Time spent auto-exploring this place.
 F = Levels seen in this place.
 G = Mean time per level.
                   A        B        C        D        E       F      G
               +--------+--------+--------+--------+--------+-----+--------+
         Total |    207 |    207 |      0 |     97 |      0 |   2 |  103.5 |
       Dungeon |    199 |    199 |      0 |     97 |      0 |   1 |  199.0 |
        Temple |      8 |      8 |      0 |      0 |      0 |   1 |    8.0 |
               +--------+--------+--------+--------+--------+-----+--------+

Top non-repeatable levels by time:
     D:5: 199 daAuts
  Temple: 8 daAuts
